 Dungeon Crawl Stone Soup version 0.21-a0-509-gecc5317 (webtiles) character file.

438 BingusPrime the Insei (level 6, -1/47 HPs)
             Began as a Draconian Transmuter on Nov 30, 2017.
             Slain by an orc wizard
             ... wielding a +0 dagger
              (6 damage)
             ... on level 4 of the Dungeon.
             The game lasted 00:19:30 (4907 turns).

BingusPrime the Insei (Draconian Transmuter)        Turns: 4907, Time: 00:19:30

Health: -1/47      AC:  2    Str: 13    XL:     6   Next: 69%
Magic:  1/12       EV: 20    Int: 18    God:
Gold:   149        SH:  0    Dex: 18    Spells: 7/13 levels left

rFire    . . .     SeeInvis .     - Unarmed
rCold    . . .     Gourm    .   (shield currently unavailable)
rNeg     . . .     Faith    .   (armour unavailable)
rPois    x         Spirit   .   (helmet currently unavailable)
rElec    .         Reflect  .   (cloak currently unavailable)
rCorr    .         Harm     .   (gloves currently unavailable)
MR       .....                  (boots currently unavailable)
Stlth    ++........             (no amulet)
HPRegen  0.15/turn              j - +5 ring of intelligence
MPRegen  0.13/turn              (no ring)

@: spider-form, very slightly contaminated
A: tiny, unfitting armour, AC +6
a: End Transformation


You were on level 4 of the Dungeon.
You were hungry.
You were a venomous arachnid creature.
You visited 1 branch of the dungeon, and saw 4 of its levels.

You collected 149 gold pieces.

Inventory:

Hand Weapons
 t - a +0 halberd of protection
 x - a +1 flail of holy wrath
Missiles
 a - 63 arrows
 f - 6 tomahawks (quivered)
Jewellery
 j - a +5 ring of intelligence (left front leg)
 q - an uncursed amulet of guardian spirit {unknown}
Scrolls
 d - a scroll of immolation {unknown}
 e - 8 scrolls of identify
 h - 2 scrolls of remove curse {unknown}
 k - a scroll of blinking {unknown}
 l - 2 scrolls of enchant weapon {unknown}
 m - a scroll of teleportation {unknown}
 n - a scroll of amnesia {unknown}
 r - a scroll of noise {unknown}
Potions
 g - 3 potions of brilliance
 o - a potion of invisibility {unknown}
 s - a potion of mutation {unknown}
 u - 2 potions of curing {unknown}
Books
 b - a book of Changes

   Spells                             Type                      Level
   a - Beastly Appendage              Transmutation                1
   b - Sticks to Snakes               Transmutation                2
   c - Spider Form                    Transmutation/Poison         3
   d - Ice Form                       Ice/Transmutation            4
   e - Blade Hands                    Transmutation                5
 v - a book of Changes

   Spells                             Type                      Level
   a - Beastly Appendage              Transmutation                1
   b - Sticks to Snakes               Transmutation                2
   c - Spider Form                    Transmutation/Poison         3
   d - Ice Form                       Ice/Transmutation            4
   e - Blade Hands                    Transmutation                5
Comestibles
 c - a bread ration
 i - a royal jelly
 p - 8 fruits
 w - a meat ration


   Skills:
 - Level 1.1 Fighting
 - Level 2.0 Dodging
 + Level 1.4 Stealth
 + Level 5.1 Unarmed Combat
 + Level 4.1 Spellcasting
 + Level 3.6 Transmutations
 - Level 0.5 Poison Magic


You had 7 spell levels left.
You knew the following spells:

 Your Spells              Type           Power        Failure   Level  Hunger
a - Beastly Appendage     Tmut           ###...       11%         1    None
b - Spider Form           Tmut/Pois      ##........   38%         3    ###....
c - Sticks to Snakes      Tmut           ###.....     14%         2    ##.....


Dungeon Overview and Level Annotations

Branches:
Dungeon (4/15)
 Temple: D:4-7

Altars:
Elyvilon
Yredelemnul

Annotations:
D:3 plsesad's ghost, amateur DsGl


Innate Abilities, Weirdness & Mutations

((Your plain brown scales are hard. (AC +6)))
You cannot fit into any form of body armour.
((You are cold-blooded and may be slowed by cold attacks.))


Message History

Something hits you but does no damage. Something hits you.
You see here a leopard gecko corpse.
You start resting.
Something closely misses you.
You start resting.
Something closely misses you.
You start resting.
Something closely misses you.
Your transformation has ended.
Casting: Spider Form
Confirm with . or Enter, or press ? or * to list all spells.
You turn into a venomous arachnid creature.
Something hits you. Something hits you but does no damage.
You miss something.
You hear some strange, mumbled words.
A puff of flame appears from out of thin air!
The puff of flame hits you!
* * * LOW HITPOINT WARNING * * *
You hit something. Something hits you but does no damage. Something hits you.
You die...

.......#..............###...
.........<............###....
.............##................
...............................
....#.##.....†.#...............
....#.......)†.#>..........))..
...............#......##....)..
...............#..............#
........)..)..s#..............#
#...)...#......#.........#....#
##......###########......#....#
###..... #....)##....# ........
#.....####### #.........#
#.........# ....$%....#
#.........# ..........#
#.........### ......#####
######....##.


There were no monsters in sight!

Vanquished Creatures
  A hound (D:4)
  4 orc wizards (D:4)
  4 orc priests (D:4)
  6 gnolls
  3 adders
  An ooze (D:3)
  6 worms
  A dart slug (D:1)
  A leopard gecko (D:4)
  16 orcs
  2 ball pythons (D:3)
  6 giant cockroaches
  5 hobgoblins
  4 jackals
  A quokka (D:2)
  6 bats
  3 frilled lizards (D:3)
  A kobold (D:1)
  3 rats
74 creatures vanquished.

Vanquished Creatures (collateral kills)
  An adder (D:4)
1 creature vanquished.

Grand Total: 75 creatures vanquished

Notes
Turn   | Place    | Note
-------+----------+-------------------------------------------
     0 | D:1      | BingusPrime the Draconian Transmuter began the quest for the Orb.
     0 | D:1      | Reached XP level 1. HP: 16/16 MP: 3/3
     2 | D:1      | Noticed a vampire
     2 | D:1      | Noticed a spriggan
     4 | D:1      | Noticed a merfolk
     4 | D:1      | Noticed a minotaur
     6 | D:1      | Noticed an elf
     6 | D:1      | Noticed a demigod
     8 | D:1      | Noticed a halfling
     8 | D:1      | Noticed a gargoyle
    10 | D:1      | Noticed a formicid
    12 | D:1      | Noticed a demonspawn
    14 | D:1      | Noticed an octopode
    14 | D:1      | Noticed a dwarf
    16 | D:1      | Noticed a felid
    16 | D:1      | Noticed a naga
    18 | D:1      | Noticed a ghoul
    18 | D:1      | Noticed a human
    20 | D:1      | Noticed a troll
    22 | D:1      | Noticed a vine stalker
    22 | D:1      | Noticed an ogre
    24 | D:1      | Noticed a draconian
    24 | D:1      | Noticed a tengu
    26 | D:1      | Noticed a centaur
   246 | D:1      | Reached XP level 2. HP: 17/23 MP: 3/5
  1058 | D:2      | Reached XP level 3. HP: 11/28 MP: 7/7
  1295 | D:2      | Learned a level 3 spell: Spider Form
  1298 | D:2      | Learned a level 2 spell: Sticks to Snakes
  1408 | D:2      | Reached XP level 4. HP: 18/35 MP: 4/8
  2034 | D:3      | Noticed plsesad's ghost (amateur DsGl)
  3020 | D:3      | Reached skill level 4 in Unarmed Combat
  3274 | D:3      | Found a basalt altar of Yredelemnul.
  3757 | D:4      | Found a white marble altar of Elyvilon.
  3770 | D:4      | Reached skill level 1 in Stealth
  3770 | D:4      | Reached XP level 5. HP: 31/40 MP: 5/9
  4092 | D:4      | Reached XP level 6. HP: 41/47 MP: 3/11
  4642 | D:4      | Reached skill level 5 in Unarmed Combat
  4907 | D:4      | Slain by an orc wizard

Vault maps used:
D:1:      kb_arrival_jail
D:3:      marbit_many_paths, wad_orctagon
D:4:      elyvilon_altar_1

Skill      XL: |  1  2  3  4  5  6 |
---------------+-------------------+-----
Dodging        | 2 |  2.0
Spellcasting   | 3 4 |  4.1
Unarmed Combat | 4 5 |  5.1
Stealth        | 1 |  1.4
Transmutations | 3 |  3.6
Fighting       | |  1.1
Poison Magic   | |  0.5

Action                   |  1- 3 |  4- 6 || total
-------------------------+-------+-------++-------
Melee: Unarmed           |    91 |   180 ||   271
       Tailslap          |    11 |     5 ||    16
       Kick              |     9 |     2 ||    11
       Headbutt          |     2 |     2 ||     4
       Punch             |       |     5 ||     5
 Cast: Beastly Appendage |    11 |    12 ||    23
       Spider Form       |     4 |    20 ||    24
       Sticks to Snakes  |       |    14 ||    14
  Use: Scroll            |     1 |       ||     1
       Potion            |       |     2 ||     2
 Stab: Sleeping          |     1 |     3 ||     4
  Eat: Chunk             |     2 |    13 ||    15
Armor: Skin              |    35 |    26 ||    61
Dodge: Dodged            |    69 |   146 ||   215

Table legend:
 A = Spawn XP
 B = Non-spawn XP
 C = Spawn XP percentage of total XP
 D = Spawn monster count
 E = Non-spawn monster count
 F = Spawn count percentage of total count
 G = Total turns spent on level
                    A         B        C        D         E        F      G
               +---------+---------+-------+---------+---------+-------+---------
         Total |       0 |     627 |   0.0 |       0 |      75 |   0.0 |  4907
               +---------+---------+-------+---------+---------+-------+---------
           D:1 |       0 |      20 |   0.0 |       0 |      10 |   0.0 |   625
           D:2 |       0 |     103 |   0.0 |       0 |      16 |   0.0 |  2341
           D:3 |       0 |      57 |   0.0 |       0 |      21 |   0.0 |   696
           D:4 |       0 |     447 |   0.0 |       0 |      28 |   0.0 |  1245
               +---------+---------+-------+---------+---------+-------+---------
